 Dungeon Crawl Stone Soup version 0.21-a0-591-g2314aa1 (webtiles) character file.

2188 rabbitfr the Martial Artist (level 9, -1/44 HPs)
             Began as a Vine Stalker Transmuter on Dec 22, 2017.
             Slain by an orc warrior
             ... wielding a +0 war axe
              (7 damage)
             ... on level 6 of the Dungeon.
             The game lasted 00:30:17 (7865 turns).

rabbitfr the Martial Artist (VSTm)                  Turns: 7865, Time: 00:30:17

Health: -1/44      AC:  4    Str: 14    XL:     9   Next: 33%
Magic:  0/13       EV: 12    Int: 16    God:
Gold:   294        SH:  0    Dex: 14    Spells: 11/12 levels left

rFire    . . .     SeeInvis .     - Unarmed
rCold    . . .     Gourm    .   (no shield)
rNeg     . . .     Faith    .   b - +1 robe
rPois    .         Spirit   +   t - +0 helmet
rElec    .         Reflect  .   (no cloak)
rCorr    .         Harm     .   (no gloves)
MR       ++...                  (no boots)
Stlth    +.........             (no amulet)
HPRegen  0.54/turn              f - +2 ring of slaying
MPRegen  0.13/turn              y - ring of protection from magic

@: no status effects
A: fangs 3, regeneration 1, magic shield, antimagic bite, no potion heal 3, rot
immunity
a: no special abilities


You were on level 6 of the Dungeon.
You were not hungry.

You visited 1 branch of the dungeon, and saw 6 of its levels.

You collected 294 gold pieces.

Inventory:

Hand Weapons
 g - a +1 dagger of venom
 h - a +1 hunting sling
 B - a +1 hunting sling of freezing
Missiles
 a - 70 arrows
 o - 55 stones (quivered)
 v - 4 javelins
 A - 14 sling bullets
Armour
 b - a +1 robe (worn)
 t - a +0 helmet (worn)
Jewellery
 d - a +1 ring of protection
 f - a +2 ring of slaying (left hand)
 n - a +3 ring of strength
 p - an uncursed ring of magical power
 y - a ring of protection from magic (right hand)
Wands
 i - a wand of scattershot (4)
Scrolls
 j - 3 scrolls of enchant weapon
 l - a scroll of enchant armour
 q - a scroll of remove curse
 u - 2 scrolls of fog
 C - a scroll of teleportation
Potions
 e - 4 potions of curing {unknown}
 m - 3 potions of brilliance {unknown}
 s - a potion of magic {unknown}
 w - a potion of haste {unknown}
 x - a potion of might
Books
 c - a book of Changes

   Spells                             Type                      Level
   a - Beastly Appendage              Transmutation                1
   b - Sticks to Snakes               Transmutation                2
   c - Spider Form                    Transmutation/Poison         3
   d - Ice Form                       Ice/Transmutation            4
   e - Blade Hands                    Transmutation                5
 r - a book of Minor Magic

   Spells                             Type                      Level
   a - Magic Dart                     Conjuration                  1
   b - Blink                          Translocation                2
   c - Call Imp                       Summoning                    2
   d - Slow                           Hexes                        2
   e - Conjure Flame                  Conjuration/Fire             3
   f - Mephitic Cloud                 Conjuration/Poison/Air       3
Comestibles
 k - 8 rations
 z - 3 chunks of flesh


   Skills:
 + Level 3.3 Fighting
 - Level 1.5 Dodging
 * Level 11.7 Unarmed Combat
 - Level 2.1 Spellcasting
 - Level 2.0 Transmutations


You had 11 spell levels left.
You knew the following spells:

 Your Spells              Type           Power        Failure   Level  Hunger
a - Beastly Appendage     Tmut           #.....       9%          1    #......


Dungeon Overview and Level Annotations

Branches:
Dungeon (6/15)
 Temple: D:4-7

Altars:
Cheibriados
Dithmenos
Elyvilon
Ru
Xom
Yredelemnul

Annotations:
D:5 Sigmund


Innate Abilities, Weirdness & Mutations

You have razor-sharp teeth.
Your natural rate of healing is unusually fast.
When hurt, damage is shared between your health and your magic reserves.
Your bite disrupts and absorbs the magic of your enemies.
Potions cannot restore your health.
You are immune to rotting.


Message History

The orc warrior is severely wounded.
You hit the orc warrior but do no damage.
The orc warrior is severely wounded.
The orc warrior barely misses you.
You barely miss the orc warrior. Your punch misses the orc warrior.
The orc warrior is severely wounded.
The orc wizard misses you.
The orc warrior hits you with a war axe!
* * * LOW HITPOINT WARNING * * *
You hit the orc wizard. Your bite misses the orc wizard.
The orc wizard is heavily wounded.
The orc wizard hits you with a dagger.
* * * LOW HITPOINT WARNING * * *
You closely miss the orc wizard.
The orc wizard is heavily wounded.
The orc wizard misses you. The orc warrior closely misses you.
You punch the orc wizard!
You kill the orc wizard!
The orc warrior hits you with a war axe!
You die...

#.# #####.####.#.# #.#
#............# #.#
#.###.####...# #.# #.# #.#
#...# #.###.###.# #...#
#.....)..?# #...#
#.###.###.####...#######
#.# #.# #.o)o...........
#.###.###.@###..#######.
#......(...# #..oo...... .
#.###.###.####..######.. ..
#.# #.# #........# ...
#.###.###.####..c######....
#................(.(.(.c..o
######################.##.#
.# .#


You could see an orc warrior and an orc.

Vanquished Creatures
  Grinder (D:5)
  The ghost of Feta the Digger, an amateur FoEE of Ru (D:4)
  2 hungry ghosts
  Menkaure (D:4)
  Duvessa (D:5)
  A phantom (D:2)
  2 ice beasts
  A centaur (D:6)
  A bullfrog (D:6)
  Dowan (D:5)
  2 crimson imps (D:5)
  A centaur zombie (D:6)
  An orc priest (D:5)
  7 orc wizards
  A bullfrog skeleton (D:4)
  3 hounds
  Jessica (D:3)
  3 iguanas
  6 worker ants
  A howler monkey zombie (D:6)
  4 adders
  4 gnolls
  An adder zombie (D:5)
  An adder skeleton (D:4)
  3 worms
  A dart slug (D:4)
  A leopard gecko (D:3)
  14 orcs
  4 giant cockroaches
  6 goblins
  6 hobgoblins
  9 kobolds
  A quokka (D:4)
  2 ball pythons
  4 bats
  5 frilled lizards
  A quokka zombie (D:5)
  8 rats
113 creatures vanquished.

Notes
Turn   | Place    | Note
-------+----------+-------------------------------------------
     0 | D:1      | rabbitfr the Vine Stalker Transmuter began the quest for the Orb.
     0 | D:1      | Reached XP level 1. HP: 9/9 MP: 4/4
    75 | D:1      | Reached skill level 1 in Fighting
   520 | D:1      | Reached XP level 2. HP: 14/14 MP: 6/6
  1598 | D:2      | Reached XP level 3. HP: 17/18 MP: 7/7
  1764 | D:2      | Found a snail-covered altar of Cheibriados.
  1803 | D:2      | Reached skill level 4 in Unarmed Combat
  2270 | D:2      | Noticed a phantom
  2402 | D:2      | Paralysed by fainting for 9 turns
  3192 | D:2      | Gained mutation: Your natural rate of healing is unusually fast. [Vine Stalker growth]
  3192 | D:2      | Reached XP level 4. HP: 23/23 MP: 8/8
  3240 | D:2      | Found a basalt altar of Yredelemnul.
  3243 | D:2      | Found a shadowy altar of Dithmenos.
  3336 | D:2      | Killed a phantom
  3336 | D:2      | Reached skill level 5 in Unarmed Combat
  3336 | D:2      | Reached XP level 5. HP: 15/27 MP: 4/9
  3618 | D:3      | Found a sacrificial altar of Ru.
  3651 | D:3      | Noticed Jessica
  3660 | D:3      | Killed Jessica
  3916 | D:3      | Noticed a hungry ghost
  3931 | D:3      | Killed a hungry ghost
  3931 | D:3      | Reached skill level 6 in Unarmed Combat
  3931 | D:3      | Reached XP level 6. HP: 30/32 MP: 8/10
  4957 | D:4      | Reached skill level 7 in Unarmed Combat
  5000 | D:4      | Reached XP level 7. HP: 31/35 MP: 8/11
  5172 | D:3      | Found a shimmering altar of Xom.
  5369 | D:4      | Noticed Feta's ghost (amateur FoEE)
  5386 | D:4      | Killed Feta's ghost
  5386 | D:4      | Reached skill level 8 in Unarmed Combat
  5976 | D:5      | Entered Level 5 of the Dungeon
  6121 | D:5      | Gained mutation: You have razor-sharp teeth. [Vine Stalker growth]
  6121 | D:5      | Reached XP level 8. HP: 24/40 MP: 8/12
  6149 | D:5      | Noticed Menkaure
  6255 | D:5      | Noticed Dowan
  6304 | D:5      | Reached skill level 9 in Unarmed Combat
  6632 | D:5      | Noticed Duvessa
  6649 | D:5      | Killed Duvessa
  6656 | D:5      | HP: 1/40 [Dowan/shard of ice (7)]
  6658 | D:5      | Killed Dowan
  6702 | D:4      | Killed Menkaure
  6862 | D:5      | Noticed Grinder
  6874 | D:5      | Reached skill level 10 in Unarmed Combat
  6912 | D:5      | Killed Grinder
  6933 | D:5      | Found a white marble altar of Elyvilon.
  7151 | D:5      | Noticed Sigmund
  7258 | D:6      | Reached XP level 9. HP: 44/44 MP: 13/13
  7484 | D:6      | Reached skill level 11 in Unarmed Combat
  7865 | D:6      | Slain by an orc warrior

Vault maps used:
D:1:      dpeg_arrival_stone_temple_mockup, serial_co_window_serial,
          co_window_of_opportunity_a, co_window_of_opportunity_a,
          co_window_paths_a, co_window_paths_b, co_window_paths_a,
          co_window_cross_1, co_window_corner_cb, co_window_corner_cb,
          co_window_corner_b, co_window_broadway_b, co_window_cross_2,
          co_window_corner_b, glass_columns_b
D:2:      lemuel_crystal_altar, minitemple
D:3:      lemuel_upstairs_altar, nicolae_ru_awakened_eye, uniq_jessica
D:5:      first_ration, elyvilon_altar_3, uniq_menkaure, uniq_duvessa,
          uniq_grinder, uniq_sigmund
D:6:      dancing_weapons_uskayaw, uniq_prince_ribbit1

Skill      XL: |  1  2  3  4  5  6  7  8  9 |
---------------+----------------------------+-----
Fighting       | 1 2 3 |  3.3
Unarmed Combat | 4 5 6 7 8 10 11 | 11.7
Dodging        | |  1.5
Spellcasting   | |  2.1
Transmutations | |  2.0

Action                   |  1- 3 |  4- 6 |  7- 9 || total
-------------------------+-------+-------+-------++-------
Melee: Unarmed           |   136 |    90 |   211 ||   437
       Bite              |    23 |    17 |    57 ||    97
       Punch             |     2 |     2 |     8 ||    12
       Dagger            |       |       |     1 ||     1
Throw: Stone             |     3 |       |       ||     3
  Use: Scroll            |     7 |     3 |     2 ||    12
 Stab: Sleeping          |     1 |     2 |       ||     3
  Eat: Chunk             |     3 |     4 |    10 ||    17
       Ration            |     1 |     1 |       ||     2
Armor: Robe              |    19 |    27 |    40 ||    86
Dodge: Dodged            |    75 |    51 |   125 ||   251

Table legend:
 A = Spawn XP
 B = Non-spawn XP
 C = Spawn XP percentage of total XP
 D = Spawn monster count
 E = Non-spawn monster count
 F = Spawn count percentage of total count
 G = Total turns spent on level
                    A         B        C        D         E        F      G
               +---------+---------+-------+---------+---------+-------+---------
         Total |       0 |    3127 |   0.0 |       0 |     113 |   0.0 |  7865
               +---------+---------+-------+---------+---------+-------+---------
           D:1 |       0 |      33 |   0.0 |       0 |      22 |   0.0 |  1627
           D:2 |       0 |     186 |   0.0 |       0 |      17 |   0.0 |  1808
           D:3 |       0 |     308 |   0.0 |       0 |      17 |   0.0 |  1445
           D:4 |       0 |     813 |   0.0 |       0 |      21 |   0.0 |  1449
           D:5 |       0 |    1001 |   0.0 |       0 |      20 |   0.0 |   911
           D:6 |       0 |     786 |   0.0 |       0 |      16 |   0.0 |   625
               +---------+---------+-------+---------+---------+-------+---------
